 Dungeon Crawl Stone Soup version 0.31-a0-115-g4708a659fe (webtiles) character file.

Game seed: 13557257654841188755

18006 Conn the Arsonist (level 12, -6/70 HPs)
             Began as an Octopode Fire Elementalist on May 29, 2023.
             Was an Elder of Sif Muna.
             Shot with an arrow by a centaur warrior (21 damage)
             ... on level 13 of the Dungeon.
             The game lasted 00:44:37 (16794 turns).

Conn the Arsonist (Octopode Fire Elementalist)     Turns: 16794, Time: 00:44:38

Health: -6/70      AC:  1    Str:  7    XL:     12   Next: 54%
Magic:  0/34       EV: 16    Int: 28    God:    Sif Muna [****..]
Gold:   381        SH:  0    Dex: 25    Spells: 1/30 levels left

rFire   + . .        P - +8 trident of the Octopus King {venom, rElec rPois}
rCold   x . .        (no shield)
rNeg    . . .        (helmet restricted)
rPois   +            y - amulet of guardian spirit
rElec   +            c - +6 ring of dexterity
rCorr   +            h - ring of fire
SInv    .            l - +6 ring of intelligence
Will    .....        E - ring of resist corrosion
Stlth   +++++        F - +6 ring of dexterity
HPRegen 0.31/turn    J - ring of magical power
MPRegen 0.24/turn    (no ring)
                     (no ring)

%: guardian spirit
@: no status effects
A: almost no armour, amphibious, 8 rings, camouflage 1, gelatinous body 1,
(nimble swimmer 1), tentacles, tentacle spike 1, wild magic 1
a: Renounce Religion, Channel Magic, Forget Spell, Divine Exegesis


You were on level 13 of the Dungeon.
You worshipped Sif Muna.
Sif Muna was greatly pleased with you.
You visited 2 branches of the dungeon, and saw 14 of its levels.
You also visited: Sewer and Bailey.

You collected 1274 gold pieces.
You spent 893 gold pieces at shops.

Inventory:

Hand Weapons
 b - a +0 dagger
 d - a +4 dagger of speed
 k - a +2 dagger of protection
 P - the +8 trident of the Octopus King (weapon) {venom, rElec rPois}
   (You found it on level 12 of the Dungeon)

   rElec:     It insulates you from electricity.
   rPois:     It protects you from poison.
Missiles
 i - 3 silver javelins (quivered)
 m - a throwing net
 H - 2 curare-tipped darts
Magical Staves
 q - a staff of air
Jewellery
 c - a +6 ring of dexterity (left tentacle)
 h - a ring of fire (right tentacle)
 l - a +6 ring of intelligence (on tentacle)
 y - an amulet of guardian spirit (around mantle)
 E - a ring of resist corrosion (on tentacle)
 F - a +6 ring of dexterity (on tentacle)
 J - a ring of magical power (on tentacle)
 K - an amulet of regeneration
Wands
 t - a wand of polymorph (11)
 B - a wand of light (2)
 C - a wand of paralysis (2)
 O - a wand of flame (11)
Scrolls
 g - 4 scrolls of noise
 j - a scroll of silence
 n - a scroll of enchant armour
 p - 8 scrolls of teleportation
 x - a scroll of immolation
 z - 4 scrolls of torment
 A - a scroll of fog
 D - a scroll of magic mapping
 G - 2 scrolls of enchant weapon {unknown}
 N - a scroll of poison {unknown}
 Q - a scroll of blinking {unknown}
Potions
 a - 3 potions of magic
 e - 6 potions of enlightenment
 f - a potion of lignification {unknown}
 o - 2 potions of brilliance
 r - 3 potions of heal wounds
 s - 2 potions of cancellation {unknown}
 u - 3 potions of might {unknown}
 v - 2 potions of haste
 w - 4 potions of curing
 I - a potion of invisibility
 L - a potion of ambrosia {unknown}
 M - a potion of berserk rage {unknown}


   Skills:
 + Level 2.0 Fighting
 + Level 2.4 Short Blades
 + Level 4.2 Dodging
 - Level 6.7 Stealth
 + Level 9.9 Spellcasting
 * Level 8.5 Conjurations
 + Level 3.6 Hexes
 + Level 1.1 Summonings
 * Level 4.0 Translocations
 + Level 9.9 Fire Magic
 * Level 3.5 Air Magic
 + Level 0.5 Poison Magic
 * Level 7.6 Invocations


You had one spell level left.
You knew the following spells:

 Your Spells              Type           Power      Damage    Failure   Level
a - Foxfire               Conj/Fire      100%       2x1d9     1%          1
b - Scorch                Fire           100%       2d9       1%          2
c - Inner Flame           Hex/Fire       79%        N/A       1%          3
d - Flame Wave            Conj/Fire      91%        2d19      1%          4
e - Swiftness             Air            43%        N/A       5%          3
f - Call Canine Familiar  Summ           26%        N/A       12%         3
g - Mephitic Cloud        Conj/Pois/Air  48%        N/A       4%          3
h - Summon Guardian Gole  Hex/Summ       35%        N/A       8%          3
i - Blink                 Tloc           94%        N/A       2%          2
j - Summon Small Mammal   Summ           100%       N/A       4%          1
k - Iskenderun's Mystic   Conj/Tloc      59%        2d12      5%          4

Your spell library contained the following spells:

 Spells                   Type           Power      Damage    Failure   Level
 Kiss of Death            Conj/Necr      100%       2d13      1%          1
 Shock                    Conj/Air       100%       1d9       1%          1
 Volatile Blastmotes      Fire/Tloc      100%       2d18      1%          3
 Dazzling Flash           Conj/Hex       100%       N/A       2%          3
 Portal Projectile        Hex/Tloc       92%        N/A       4%          3
 Ignite Poison            Fire/Tmut/Pois 60%        N/A       5%          3
 Cigotuvi's Dreadful Rot  Necr/Pois/Air  54%        N/A       6%          2
 Manifold Assault         Tloc           47%        N/A       12%         4
 Cause Fear               Hex            22%        N/A       13%         4
 Airstrike                Air            21%        2d(4-20)  14%         4
 Starburst                Conj/Fire      45%        6d13      21%         6
 Anguish                  Hex/Necr       15%        N/A       26%         4
 Leda's Liquefaction      Hex/Erth       15%        N/A       26%         4
 Freezing Cloud           Conj/Ice/Air   23%        6-21      30%         5
 Enfeeble                 Hex            22%        N/A       100%        7
 Storm Form               Tmut/Air       15%        N/A       100%        7


Dungeon Overview and Level Annotations

Branches:
Dungeon (13/15)            Temple (1/1) D:6            Lair (0/5) D:10
    Orc (0/2) D:11          Sewer (visited)          Bailey (visited)
 Vaults: D:13-14

Altars:
Ashenzari
Cheibriados
Dithmenos
Elyvilon
Fedhas
Gozag
Hepliaklqana
Kikubaaqudgha
Makhleb
Nemelex Xobeh
Okawaru
Qazlal
Ru
Sif Muna
Trog
Uskayaw
Vehumet
Wu Jian
Xom
Yredelemnul
Zin
Lugonu

Shops:
D:5 ?:   D:7 *   D:11 (


Innate Abilities, Weirdness & Mutations

You cannot wear most types of armour.
You are amphibious.
You can wear up to eight rings at the same time.
Your skin changes colour to match your surroundings (Stealth+).
Your rubbery body absorbs attacks. (AC +1, EV +1)
((You are camouflaged when in or above water. (Stealth+)))
You have tentacles for arms and can constrict up to eight enemies at once.
One of your tentacles bears a spike.
Your spells are a little harder to cast, but a little more powerful.


Message History

Confirm with . or Enter, or press ? or * to list all spells.
A guardian golem appears, shielding your allies.
The foxfire hits the centaur warrior.
The centaur warrior is lightly wounded.
The foxfire hits the centaur warrior!
The centaur warrior is lightly wounded.
You swap places.
The centaur warrior shoots an arrow.
The arrow hits your guardian golem!
Unknown command.
Casting: Summon Guardian Golem (dangerous; 8% risk of failure)
Confirm with . or Enter, or press ? or * to list all spells.
Aiming: Inner Flame (safe; 1% risk of failure)
Press: ? - help, Dir - move target, f - centaur warrior
Aim: a centaur warrior, wielding a +0 shortbow (lightly wounded, ally target, chance to affect: 93%)
You feel a surge of power!
The centaur warrior is filled with an inner flame.
The centaur warrior shoots an arrow.
The arrow hits your guardian golem!
The centaur warrior shoots an arrow.
The arrow hits your guardian golem!
Your guardian golem overheats!
Unknown command.
Casting: Inner Flame (safe; 1% risk of failure)
Confirm with . or Enter, or press ? or * to list all spells.
The centaur warrior shoots an arrow.
The arrow barely misses your guardian golem.
The arrow misses you.
Unknown command.
The centaur warrior shoots an arrow.
The arrow hits your guardian golem!!
Your guardian golem disappears in a puff of smoke!
Your guardian golem explodes!
The fiery explosion engulfs the centaur warrior!!
Flame seeps out of the centaur warrior.
The centaur warrior is engulfed in blazing flames.
Flame seeps out of the centaur warrior.
The centaur warrior shoots an arrow.
The arrow hits you!!
* * * LOW HITPOINT WARNING * * *
You hear a shout!
The centaur warrior is engulfed in blazing flames.
Flame seeps out of the centaur warrior.
The centaur warrior shoots an arrow.
The arrow hits you!!
You die...

# #§.# # #)O# ## #§c# .#
#§)# .########### #.§##
.'.#.......# #...# ..
.#.........# ###.###....
.###.......#####.r......
.# #............@###....
.# #.......####### ## ##
#########


You could see a centaur warrior (inner flame, ally target), a two-headed ogre
and a friendly quokka (summoned).

Vanquished Creatures
  4 two-headed ogres
  Urug (D:10)
  Pikel (D:6)
  An orc knight (Bailey)
  A deep elf pyromancer (D:12)
  A cyclops (D:13)
  Maggie (D:6)
  A gargoyle (D:12)
  2 komodo dragons
  4 unseen horrors
  A troll (D:13)
  6 slime creatures (D:13)
  10 yaks (D:9)
  3 wraiths
  2 wyverns
  3 basilisks
  An acid dragon (D:11)
  Duvessa (D:7)
  10 orc warriors
  An ice beast (D:7)
  A black bear (D:10)
  2 sky beasts (D:8)
  5 ogres
  18 centaurs
  A phantom (D:7)
  3 lemures (D:6)
  5 kobold brigands
  A bullfrog (D:10)
  2 gnoll sergeants
  2 scorpions
  Dowan (D:7)
  6 wights
  2 killer bees (D:9)
  3 howler monkeys (D:9)
  5 hounds
  2 centaur zombies (D:10)
  A jelly (D:4)
  6 orc priests
  A gnoll bouda (D:4)
  Crazy Yiuf (D:7)
  2 sleepcaps
  18 orc wizards
  Ijyb (D:3)
  3 iguanas (D:6)
  14 gnolls
  13 adders
  A white imp (D:8)
  4 ufetubi
  A worm (D:4)
  4 dart slugs
  47 orcs
  8 endoplasms
  5 giant cockroaches
  14 goblins
  8 hobgoblins
  3 jackals (D:2)
  4 quokkas
  5 ball pythons
  3 bats
  9 frilled lizards
  55 kobolds
  5 rats
350 creatures vanquished.

Vanquished Creatures (collateral kills)
  5 foxfires
5 creatures vanquished.

Vanquished Creatures (others)
  A centaur warrior (D:12)
  A cyclops (D:12)
  A centaur (D:12)
  997 foxfires
1000 creatures vanquished.

Grand Total: 1355 creatures vanquished

Notes
Turn   | Place    | Note
-------+----------+-------------------------------------------
     0 | D:1      | Conn the Octopode Fire Elementalist began the quest for the
                  | Orb.
     0 | D:1      | Reached XP level 1. HP: 11/11 MP: 3/3
   234 | D:1      | Reached XP level 2. HP: 17/17 MP: 5/5
  1351 | D:2      | Reached XP level 3. HP: 14/21 MP: 3/6
  2195 | D:2      | Reached XP level 4. HP: 26/27 MP: 7/7
  2447 | D:3      | Found a broken altar of Ashenzari.
  2483 | D:3      | Learned a level 2 spell: Scorch
  2487 | D:3      | Learned a level 3 spell: Inner Flame
  2539 | D:3      | Found a bloodstained altar of Trog.
  2814 | D:3      | Gained mutation: You are frail. (-10% HP) [potion of
                  | mutation]
  2814 | D:3      | Gained mutation: You are somewhat resistant to further
                  | mutation. [potion of mutation]
  3049 | D:3      | Lost mutation: You are frail. (-10% HP) [potion of
                  | mutation]
  3049 | D:3      | Lost mutation: You are somewhat resistant to further
                  | mutation. [potion of mutation]
  3049 | D:3      | Gained mutation: Your spells are a little harder to cast,
                  | but a little more powerful. [potion of mutation]
  3049 | D:3      | Gained mutation: One of your tentacles bears a spike.
                  | [potion of mutation]
  3076 | D:3      | Noticed Ijyb
  3206 | D:3      | Killed Ijyb
  3207 | D:3      | Reached XP level 5. HP: 23/31 MP: 0/8
  3333 | D:3      | Found a faded altar of an unknown god.
  3623 | D:4      | Reached skill level 5 in Stealth
  3806 | D:4      | Reached XP level 6. HP: 37/37 MP: 4/10
  4018 | D:4      | Reached XP level 7. HP: 42/42 MP: 0/12
  4211 | D:5      | Entered Level 5 of the Dungeon
  4211 | D:5      | Found Uryk Aci's Magic Scroll Boutique.
  4214 | D:5      | Bought a scroll of fear for 44 gold pieces
  4214 | D:5      | Bought a scroll of teleportation for 33 gold pieces
  4230 | D:5      | Learned a level 4 spell: Flame Wave
  4234 | D:5      | Learned a level 3 spell: Swiftness
  4558 | D:5      | Found Otuybresch's Book Boutique.
  4572 | D:5      | Reached skill level 5 in Fire Magic
  4580 | D:5      | Found a glowing drain.
  4589 | Sewer    | Entered a sewer
  4760 | Sewer    | Reached XP level 8. HP: 47/47 MP: 9/15
  5599 | D:5      | Found a radiant altar of Vehumet.
  5997 | D:5      | Reached skill level 5 in Spellcasting
  6228 | D:6      | Found a glowing silver altar of Zin.
  6228 | D:6      | Found an opulent altar of Gozag.
  6228 | D:6      | Found a white marble altar of Elyvilon.
  6232 | D:6      | Reached skill level 1 in Short Blades
  6483 | D:6      | Noticed Maggie
  6510 | D:6      | Killed Maggie
  6649 | D:6      | Found a staircase to the Ecumenical Temple.
  6687 | Temple   | Entered the Ecumenical Temple
  6701 | Temple   | Became a worshipper of Sif Muna the Loreminder
  6745 | D:6      | Reached XP level 9. HP: 52/52 MP: 13/18
  6941 | D:6      | Reached skill level 1 in Invocations
  7114 | D:6      | Noticed Pikel
  7261 | D:6      | Killed Pikel
  7262 | D:6      | Reached skill level 1 in Hexes
  7385 | D:6      | Found a snail-covered altar of Cheibriados.
  7541 | D:6      | Found an iron altar of Okawaru.
  7550 | D:6      | Found a hide-covered altar of Uskayaw.
  7552 | D:6      | Found a sparkling altar of Nemelex Xobeh.
  7969 | D:7      | Learned a level 3 spell: Call Canine Familiar
  7970 | D:7      | Found Cucs's Hallowed Reliquary.
  7982 | D:7      | Noticed an angel
  8173 | D:7      | Reached skill level 5 in Conjurations
  8578 | D:7      | Noticed Dowan
  8580 | D:7      | Noticed Duvessa
  8582 | D:7      | Killed Dowan
  8595 | D:7      | Killed Duvessa
  8751 | D:7      | Found a runed translucent door.
  8752 | D:7      | Noticed Crazy Yiuf
  8757 | D:7      | Killed Crazy Yiuf
  8909 | D:8      | Reached XP level 10. HP: 57/57 MP: 8/21
  9030 | D:8      | Reached * piety under Sif Muna
  9042 | D:8      | Found a flagged portal.
  9055 | Bailey   | Entered a bailey
  9202 | Bailey   | Noticed an orc knight
  9671 | Bailey   | Killed an orc knight
 10355 | D:8      | You fall into a shaft and drop 2 floors!
 10355 | D:10     | Entered Level 10 of the Dungeon
 10391 | D:9      | Reached ** piety under Sif Muna
 10542 | D:10     | Reached skill level 1 in Fighting
 10716 | D:10     | Noticed Urug
 10728 | D:10     | Killed Urug
 10729 | D:10     | Reached skill level 5 in Invocations
 10984 | D:9      | Noticed a two-headed ogre
 11310 | D:8      | Found a stormy altar of Qazlal.
 11405 | D:9      | Killed a two-headed ogre
 11406 | D:9      | Reached XP level 11. HP: 63/63 MP: 8/23
 12177 | D:9      | Found an ornate altar of the Wu Jian Council.
 12187 | D:9      | Reached *** piety under Sif Muna
 12432 | D:9      | Noticed a two-headed ogre
 12440 | D:9      | Killed a two-headed ogre
 13087 | D:10     | Found a blossoming altar of Fedhas.
 13149 | D:10     | Found a staircase to the Lair.
 13337 | D:5      | Bought an Inescapable Atlas for 384 gold pieces
 13337 | D:5      | Bought a book of Callings for 240 gold pieces
 13337 | D:5      | Bought the Secrets of Outbursts for 192 gold pieces
 13341 | D:5      | Learned a level 3 spell: Mephitic Cloud
 13345 | D:5      | Learned a level 3 spell: Summon Guardian Golem
 13348 | D:5      | Learned a level 2 spell: Blink
 13350 | D:5      | Learned a level 1 spell: Summon Small Mammal
 13733 | D:10     | Found a basalt altar of Yredelemnul.
 13779 | D:11     | Found Zisch's Weapon Shop.
 13780 | D:11     | Found a staircase to the Orcish Mines.
 13813 | D:11     | Reached skill level 1 in Air Magic
 13937 | D:11     | Noticed a two-headed ogre
 13954 | D:11     | Killed a two-headed ogre
 13955 | D:11     | Reached skill level 1 in Translocations
 14256 | D:11     | Reached skill level 1 in Summonings
 15212 | D:12     | Noticed a cyclops
 15215 | D:12     | Noticed a centaur warrior
 15228 | D:12     | Reached XP level 12. HP: 27/70 MP: 6/25
 15229 | D:12     | Killed a centaur warrior
 15417 | D:12     | Found the +8 trident of the Octopus King {venom, rElec
                  | rPois}
 15627 | D:12     | Learned a level 4 spell: Iskenderun's Mystic Blast
 16461 | D:13     | Reached **** piety under Sif Muna
 16778 | D:13     | Noticed a two-headed ogre
 16786 | D:13     | Killed a two-headed ogre
 16786 | D:13     | Noticed a centaur warrior
 16786 | D:13     | Noticed a two-headed ogre
 16794 | D:13     | Shot with an arrow by a centaur warrior

Illustrated notes

Levels and vault maps discovered:
D:1:      amcnicky_arrival_wind_blow, layout_loops_cross,
          serial_co_window_serial, co_window_paths_a, co_window_paths_b,
          co_window_paths_a, co_window_corner_a, co_window_paths_b,
          co_window_corner_b, co_window_broadway_c, co_window_of_opportunity_c,
          co_window_corner_b, co_window_broadway_a, co_window_corner_b,
          co_window_unsneaky_path_a, co_window_paths_e,
          chequers_serial_rivers_micro_c
D:2:      layout_basic, serial_aquarium, aquarium_bridge_long_separate
          [aquarium_subvault_bridge, aquarium_subvault_bridge,
          aquarium_subvault_window, aquarium_subvault_bridge,
          aquarium_subvault_wall, aquarium_subvault_window],
          aquarium_bridge_island_large [aquarium_subvault_large_water,
          aquarium_subvault_bridge, aquarium_subvault_bridge,
          aquarium_subvault_wall, aquarium_subvault_wall], aquarium_window_fake,
          aquarium_window_fake, aquarium_window_1, aquarium_view_2g,
          aquarium_view_2c, aquarium_balcony_double_1
D:3:      layout_loops_cross, mainiacjoe_overflow_paths,
          cheibrodos_ashenzari_chains, basic_ecumenical_altar, uniq_ijyb
D:4:      layout_gridville
D:5:      layout_loops_ring, mainiacjoe_overflow_alcove_1, serial_shops,
          nicolae_stop_n_shop_2, shop, cheibrodos_sewer_entry_drain,
          hangedman_decor_growths
D:6:      layout_rooms, kennysheep_slug_shrine, minitemple,
          grunt_temple_overflow_open, temple_doors_e, kennysheep_generic_room_3,
          uniq_maggie, uniq_pikel
D:7:      layout_cave_pools, st_stairs_3, chequers_serial_rivers_large_a,
          nicolae_good_shop, uniq_duvessa, uniq_crazy_yiuf_cottage
D:8:      layout_basic, nicolae_qazlal_beasts_of_the_sky, enter_bailey_2,
          corexii_leaking_fountain, kennysheep_nondescript
D:9:      layout_loops_ring, nzn_wu_jian_contemplation,
          amcnicky_mini_pool_medium
D:10:     layout_grid_maze, lemuel_zombie_altar_yredelemnul,
          fedhas_ov_isle_minmay, grunt_lair_entry_orc_guard_hut, minivault_23,
          uniq_urug
D:11:     layout_loops_corners, orc_david_3
D:12:     layout_loops_ring, minmay_circle_x
D:13:     layout_roguey, hangedman_vaults_entry_quadrant_bands,
          kennysheep_flooded_box, onia_ninara_dug_in_and_dangerous
Temple:   corrupted_temple

Skill      XL: |  1  2  3  4  5  6  7  8  9 10 11 12 |
---------------+-------------------------------------+-----
Stealth        | 3 4 5 6 |  6.7
Spellcasting   | 3 4 6 7 8 9 |  9.9
Fire Magic     | 4 5 6 7 8 9 |  9.9
Conjurations   | 2 3 4 5 7 8 |  8.5
Dodging        | 3 4 |  4.2
Short Blades   | 1 2 |  2.4
Invocations    | 3 5 6 7 |  7.6
Hexes          | 1 2 3 |  3.6
Fighting       | 1 2 |  2.0
Air Magic      | 2 3 |  3.5
Translocations | 1 4 |  4.0
Summonings     | 1 |  1.1
Poison Magic   | |  0.5

Action                     |  1- 3 |  4- 6 |  7- 9 | 10-12 || total
---------------------------+-------+-------+-------+-------++-------
  Melee: Dagger            |    41 |    34 |    42 |    65 ||   182
         Constrict         |     9 |     3 |     6 |    13 ||    31
         Tentacles         |     5 |    11 |    11 |    18 ||    45
         Kick              |       |     6 |    11 |    25 ||    42
         Unarmed           |       |     3 |       |       ||     3
         Punch             |       |     1 |     3 |       ||     4
         Trident           |       |       |       |     1 ||     1
  Throw: Dart              |       |       |       |     1 ||     1
   Cast: Foxfire           |    31 |    61 |   238 |   251 ||   581
         Scorch            |       |     3 |    19 |    59 ||    81
         Inner Flame       |       |     3 |     9 |    32 ||    44
         Flame Wave        |       |       |     6 |    31 ||    37
         Call Canine Famil |       |       |     2 |     2 ||     4
         Swiftness         |       |       |     1 |     1 ||     2
         Mephitic Cloud    |       |       |       |     6 ||     6
         Summon Guardian G |       |       |       |     5 ||     5
         Blink             |       |       |       |     1 ||     1
         Summon Small Mamm |       |       |       |     1 ||     1
         Iskenderun's Myst |       |       |       |     1 ||     1
 Invoke: Channel Magic     |       |       |       |     1 ||     1
  Evoke: Wand              |       |       |     1 |     1 ||     2
    Use: Potion            |       |     6 |     3 |     1 ||    10
         Scroll            |       |     3 |     3 |     5 ||    11
   Stab: Sleeping          |     8 |     7 |     9 |     3 ||    27
 Armour: Skin              |     1 |     4 |    16 |    16 ||    37
  Dodge: Dodged            |    21 |    29 |    35 |   102 ||   187

Table legend: (Time is in decaauts)
 A = Elapsed time spent in this place.
 B = Non-inter-level travel time spent in this place.
 C = Inter-level travel time spent in this place.
 D = Time resting spent in this place.
 E = Time spent auto-exploring this place.
 F = Levels seen in this place.
 G = Mean time per level.
                   A        B        C        D        E       F      G
               +--------+--------+--------+--------+--------+-----+--------+
         Total |  16762 |  16216 |    546 |   1194 |  11315 |  16 | 1047.6 |
       Dungeon |  15050 |  14504 |    546 |    927 |  10396 |  13 | 1157.7 |
        Temple |     26 |     26 |      0 |      0 |      0 |   1 |   26.0 |
         Sewer |    639 |    639 |      0 |     69 |    399 |   1 |  639.0 |
        Bailey |   1046 |   1046 |      0 |    198 |    520 |   1 | 1046.0 |
               +--------+--------+--------+--------+--------+-----+--------+

Top non-repeatable levels by time:
     D:9: 1464 daAuts
    D:10: 1463 daAuts
     D:6: 1449 daAuts
     D:5: 1432 daAuts
    D:12: 1256 daAuts
    D:11: 1256 daAuts
     D:1: 1241 daAuts
     D:7: 1210 daAuts
     D:2: 1197 daAuts
  Bailey: 1046 daAuts
     D:3: 994 daAuts
     D:8: 836 daAuts
     D:4: 732 daAuts
   Sewer: 639 daAuts
    D:13: 515 daAuts
